 Dungeon Crawl Stone Soup version 0.28-a0-883-gc8d7bad45d (webtiles) character file.

Game seed: 4065240027368110822

77 horus123 the Grave Robber (level 4, 0/24 HPs)
             Began as a Deep Elf Necromancer on Nov 21, 2021.
             Slain by a bullfrog zombie (1 damage)
             ... on level 3 of the Dungeon.
             The game lasted 00:04:30 (2245 turns).

horus123 the Grave Robber (Deep Elf Necromancer)    Turns: 2245, Time: 00:04:31

Health: 0/24       AC:  3    Str:  5    XL:     4   Next: 14%
Magic:  8/13       EV: 12    Int: 21    God:
Gold:   88         SH:  0    Dex: 15    Spells: 3/13 levels left

rFire   . . .      SeeInvis .   j - +0 short sword
rCold   + . .      Faith    .   (no shield)
rNeg    . . .      Spirit   .   a - +1 robe
rPois   .          Reflect  .   (no helmet)
rElec   .          Harm     .   (no cloak)
rCorr   .          Rampage  .   (no gloves)
Will    .....                   (no boots)
Stlth   ++........              (no amulet)
HPRegen 0.08/turn               g - ring of protection from cold
MPRegen 0.13/turn               (no ring)

@: no status effects
A: no striking features
a: no special abilities


You were on level 3 of the Dungeon.
You visited 1 branch of the dungeon, and saw 3 of its levels.

You collected 88 gold pieces.

Inventory:

Hand Weapons
 j - a +0 short sword (weapon)
Armour
 a - a +1 robe (worn)
Jewellery
 g - a ring of protection from cold (left hand)
Scrolls
 i - a scroll of amnesia
 k - a scroll of identify
Potions
 b - a potion of heal wounds {unknown}
 c - a potion of haste {unknown}
 d - a potion of curing {unknown}
 e - a potion of lignification {unknown}
 f - a potion of magic {unknown}
 h - a potion of degeneration {unknown}


   Skills:
 - Level 0.3 Short Blades
 - Level 2.4 Dodging
 - Level 2.4 Stealth
 + Level 5.2 Spellcasting
 - Level 5.5 Necromancy


You had 3 spell levels left.
You knew the following spells:

 Your Spells              Type           Power      Damage    Failure   Level
a - Pain                  Necr           100%       1d9       1%          1
b - Animate Skeleton      Necr           56%        N/A       1%          1
c - Vampiric Draining     Necr           28%        2d8       3%          3
d - Animate Dead          Necr           14%        N/A       11%         4
e - Foxfire               Conj/Fire      20%        2x1d5     11%         1

Your spell library contained the following spells:

 Spells                   Type           Power      Damage    Failure   Level
 Conjure Flame            Conj/Fire      5%         6-21      30%         3
 Inner Flame              Hex/Fire       5%         N/A       30%         3
 Agony                    Necr           28%        N/A       30%         5
 Flame Wave               Conj/Fire      5%         3d4       71%         4


Dungeon Overview and Level Annotations

Branches:
Dungeon (3/15)

Altars:
Dithmenos


Message History

The bullfrog zombie hits you.
* * * LOW HITPOINT WARNING * * *
Casting: Pain (safe; 1% risk of failure)
Confirm with . or Enter, or press ? or * to list all spells.
You conjure some foxfire!
The bullfrog zombie closely misses you. The bullfrog zombie barely misses you.
The foxfire hits the bullfrog zombie.
The bullfrog zombie is moderately damaged.
The foxfire hits the bullfrog zombie.
The bullfrog zombie is moderately damaged.
Casting: Foxfire (safe; 11% risk of failure)
Confirm with . or Enter, or press ? or * to list all spells.
You conjure some foxfire!
The bullfrog zombie hits you but does no damage.
The foxfire hits the bullfrog zombie.
The bullfrog zombie is moderately damaged.
The foxfire hits the bullfrog zombie.
The bullfrog zombie is heavily damaged.
The bullfrog zombie hits you.
* * * LOW HITPOINT WARNING * * *
Casting: Foxfire (safe; 11% risk of failure)
Confirm with . or Enter, or press ? or * to list all spells.
You conjure some foxfire!
The bullfrog zombie barely misses you.
Your foxfire dissipates!
The foxfire hits the bullfrog zombie.
The bullfrog zombie is heavily damaged.
Casting: Foxfire (safe; 11% risk of failure)
Confirm with . or Enter, or press ? or * to list all spells.
You don't know that spell.
Casting: Foxfire (safe; 11% risk of failure)
Confirm with . or Enter, or press ? or * to list all spells.
You conjure some foxfire!
The bullfrog zombie closely misses you.
The foxfire hits the bullfrog zombie.
The bullfrog zombie is heavily damaged.
The foxfire hits the bullfrog zombie.
The bullfrog zombie is severely damaged.
The bullfrog zombie barely misses you. The bullfrog zombie closely misses you.
The bullfrog zombie hits you.
You die...

#.$# ##.......#### #..####
#............ #.....#
#.........### .# #.....#
#......###..# .#
#.....####.....##..... ..
.........#..........##..##..
..
##....##.##.####.)..#....##.
.. #.... #.##Z#
#....#..._.#. .. #... #.##@#
#....#....##. .. #... #.##.#
#....##..##.. .. ### #.##.#
#..<..##..... #. ..##.#
##.....###..# # .########
#.######.....##### #
.......## ...........###
##.......## .###........## #
#.........# . #..........#
####.........# #..........#


You could see a bullfrog zombie.

Vanquished Creatures
  4 adders (D:2)
  A worm (D:3)
  2 dart slugs
  4 ball pythons
  2 endoplasms
  A giant cockroach (D:2)
  4 goblins
  A hobgoblin (D:2)
  3 jackals (D:2)
  2 quokkas
  4 bats
  3 frilled lizards
  2 kobolds (D:3)
  5 rats
38 creatures vanquished.

Vanquished Creatures (others)
  7 foxfires (D:3)
7 creatures vanquished.

Grand Total: 45 creatures vanquished

Notes
Turn   | Place    | Note
-------+----------+-------------------------------------------
     0 | D:1      | horus123 the Deep Elf Necromancer began the quest for the
                  | Orb.
     0 | D:1      | Reached XP level 1. HP: 10/10 MP: 6/6
     2 | D:1      | Learned a level 1 spell: Animate Skeleton
    82 | D:1      | Reached skill level 5 in Necromancy
   415 | D:1      | Reached XP level 2. HP: 14/15 MP: 6/8
   804 | D:2      | Reached XP level 3. HP: 12/19 MP: 3/11
   808 | D:2      | Learned a level 3 spell: Vampiric Draining
  1551 | D:2      | Reached skill level 5 in Spellcasting
  1714 | D:2      | Found a faded altar of an unknown god.
  1746 | D:2      | Reached XP level 4. HP: 23/24 MP: 11/13
  2026 | D:2      | Learned a level 4 spell: Animate Dead
  2177 | D:3      | Learned a level 1 spell: Foxfire
  2185 | D:3      | Found a shadowy altar of Dithmenos.
  2237 | D:3      | HP: 1/24 [bullfrog zombie (6)]
  2245 | D:3      | Slain by a bullfrog zombie

Illustrated notes

Levels and vault maps discovered:
D:1:      psy_arrival_dodecagon, layout_rooms, serial_bayou_crossing
D:2:      layout_basic, chequers_ecumenical_altar_simple
D:3:      minmay_angry_zag, layout_rooms,
          nicolae_dithmenos_through_a_glass_darkly

Skill      XL: |  1  2  3 |
---------------+----------+-----
Necromancy     | 5 |  5.5
Spellcasting   | 4 5 |  5.2
Short Blades   | |  0.3
Dodging        | |  2.4
Stealth        | |  2.4

Action                   |  1- 3 |  4- 6 || total
-------------------------+-------+-------++-------
Melee: Short sword       |       |     5 ||     5
 Cast: Pain              |    54 |    11 ||    65
       Foxfire           |       |     4 ||     4
  Use: Scroll            |     4 |       ||     4
Armor: Robe              |     3 |     2 ||     5
Dodge: Dodged            |    11 |     8 ||    19

Table legend: (Time is in decaauts)
 A = Elapsed time spent in this place.
 B = Non-inter-level travel time spent in this place.
 C = Inter-level travel time spent in this place.
 D = Time resting spent in this place.
 E = Time spent auto-exploring this place.
 F = Levels seen in this place.
 G = Mean time per level.
                   A        B        C        D        E       F      G
               +--------+--------+--------+--------+--------+-----+--------+
         Total |   2248 |   2228 |     20 |    542 |   1452 |   3 |  749.3 |
       Dungeon |   2248 |   2228 |     20 |    542 |   1452 |   3 |  749.3 |
               +--------+--------+--------+--------+--------+-----+--------+

Top non-repeatable levels by time:
     D:2: 1380 daAuts
     D:1: 661 daAuts
     D:3: 206 daAuts
